 Dungeon Crawl Stone Soup version 0.31-a0-149-g3fdcc5976a (webtiles) character file.

Game seed: 5187217994973084752

105985 gelatine the Severer (level 15, 0/118 HPs)
             Began as a Demonspawn Fighter on June 6, 2023.
             Was a High Priest of Makhleb.
             Succumbed to Nessos's poison
             ... on level 15 of the Dungeon on June 8, 2023.
             The game lasted 01:52:44 (24272 turns).

gelatine the Severer (Demonspawn Fighter)          Turns: 24272, Time: 01:52:44

Health: 0/118      AC: 30    Str: 27    XL:     15   Next: 96%
Magic:  5/20       EV: 10    Int:  9    God:    Makhleb [*****.]
Gold:   2287       SH: 13    Dex: 14    Spells: 20/22 levels left

rFire   . . .        i - +9 broad axe "Faokk" {heavy, Str+4}
rCold   + . .        c - +2 kite shield
rNeg    . . .        j - +2 plate armour {Will+}
rPois   .            O - +2 helmet "Zeptulasm" {rElec}
rElec   +            M - +2 cloak
rCorr   +            (gloves unavailable)
SInv    +            T - +2 pair of boots
Will    ++...        f - amulet of magic regeneration Stlth
                     y - ring of protection from cold
HPRegen 0.39/turn    Z - ring of resist corrosion
MPRegen 0.74/turn

%: guardian spirit
@: lethally poisoned (0 -> -41)
A: yellow scales 2, spiny 2, magic shield, magic regeneration, demonic touch 3,
see invisible, low MP 1, sense surroundings 1, noise suppression
a: Renounce Religion, Minor Destruction, Lesser Servant of Makhleb, Major
Destruction, Greater Servant of Makhleb


You were on level 15 of the Dungeon.
You worshipped Makhleb.
Makhleb was extremely pleased with you.
You visited 4 branches of the dungeon, and saw 23 of its levels.
You also visited: Trove and Sewer.

You collected 2942 gold pieces.
You spent 655 gold pieces at shops.

Inventory:

Hand Weapons
 i - the +9 broad axe "Faokk" (weapon) {heavy, Str+4}
   (You found it on level 14 of the Dungeon)

   Str:       It affects your strength (+4).
 l - a +0 broad axe of venom
 F - a +1 broad axe of flaming
 W - the +6 trident of Grace {flame, +Blink rCorr}
   (You found it on level 3 of the Lair of Beasts)

   +Blink:    It lets you blink.
   rCorr:     It protects you from acid and corrosion.
Missiles
 m - 7 curare-tipped darts
 K - 11 javelins
 L - 12 boomerangs
 Y - 4 silver javelins (quivered)
Armour
 c - a +2 kite shield (worn)
 g - +0 gold dragon scales
 j - a +2 plate armour of willpower (worn)
 k - a +2 ring mail of positive energy
 q - the +2 tower shield of the Frog {Str+2 Int+3}
   (You found it in a treasure trove)

   Str:       It affects your strength (+2).
   Int:       It affects your intelligence (+3).
 u - a +1 helmet of intelligence
 B - the +3 leather armour of the Depths {Str+2}
   (You found it on level 5 of the Dungeon)

   Str:       It affects your strength (+2).
 C - a +2 troll leather armour {Snorg}
 D - +0 fire dragon scales
 M - a +2 cloak (worn)
 O - the +2 helmet "Zeptulasm" (worn) {rElec}
   (You found it on level 9 of the Dungeon)

   rElec:     It insulates you from electricity.
 Q - +0 acid dragon scales
 T - a +2 pair of boots (worn)
 U - a +0 troll leather armour
Jewellery
 f - an amulet of magic regeneration (around neck)
 y - a ring of protection from cold (left hand)
 N - a +6 ring of intelligence
 X - a ring of wizardry
 Z - a ring of resist corrosion (right hand)
Wands
 a - a wand of mindburst (11)
 d - a wand of iceblast (13)
 H - a wand of digging (5)
 I - a wand of paralysis (13)
 R - a wand of quicksilver (13)
Scrolls
 e - 4 scrolls of fog
 p - 5 scrolls of poison
 r - a scroll of enchant armour
 s - a scroll of blinking
 v - a scroll of identify
 J - 2 scrolls of magic mapping
Potions
 b - 2 potions of might
 h - 2 potions of ambrosia
 n - a potion of cancellation {unknown}
 o - 3 potions of enlightenment
 t - 3 potions of mutation
 w - 3 potions of lignification
 x - a potion of berserk rage
 A - 5 potions of brilliance
 E - 3 potions of haste
 G - 3 potions of magic
 S - 8 potions of curing
 V - a potion of resistance
Miscellaneous
 z - a phial of floods
 P - a phantom mirror (inert)


   Skills:
 * Level 11.0 Fighting
 * Level 15.5 Axes
 + Level 5.0 Throwing
 * Level 11.0 Armour
 * Level 8.8 Dodging
 + Level 2.2 Stealth
 * Level 9.3 Shields
 + Level 4.2 Spellcasting
 * Level 4.0 Translocations
 * Level 10.4 Invocations
 + Level 4.2 Evocations


You had 20 spell levels left.
You knew the following spells:

 Your Spells              Type           Power      Damage    Failure   Level
a - Blink                 Tloc           18%        N/A       71%         2

Your spell library contained the following spells:

 Spells                   Type           Power      Damage    Failure   Level
 Lesser Beckoning         Tloc           18%        N/A       71%         2
 Momentum Strike          Conj/Tloc      10%        3d8       94%         2
 Necrotise                Necr           4%         1d4       98%         1
 Slow                     Hex            4%         N/A       98%         1
 Sting                    Tmut/Pois      4%         1d3       98%         1
 Poisonous Vapours        Pois/Air       2%         N/A       99%         2
 Scorch                   Fire           2%         2d5       99%         2
 Sublimation of Blood     Necr           1%         N/A       99%         2
 Confusing Touch          Hex            1%         N/A       100%        3
 Inner Flame              Hex/Fire       1%         N/A       100%        3
 Mephitic Cloud           Conj/Pois/Air  1%         N/A       100%        3
 Ozocubu's Armour         Ice            1%         N/A       100%        3
 Spider Form              Tmut/Pois      1%         N/A       100%        3
 Vampiric Draining        Necr           1%         2d6       100%        3
 Anguish                  Hex/Necr       0%         N/A       100%        4
 Animate Armour           Summ/Erth      2%         N/A       100%        4
 Cause Fear               Hex            0%         N/A       100%        4
 Ice Form                 Ice/Tmut       1%         N/A       100%        4
 Iskenderun's Mystic Bla  Conj/Tloc      5%         2d3       100%        4
 Olgreb's Toxic Radiance  Pois           1%         N/A       100%        4
 Petrify                  Tmut/Erth      1%         N/A       100%        4
 Summon Lightning Spire   Summ/Air       1%         N/A       100%        4
 Agony                    Necr           1%         N/A       100%        5
 Alistair's Intoxication  Tmut/Pois      0%         N/A       100%        5
 Blade Hands              Tmut           0%         N/A       100%        5
 Borgnjor's Vile Clutch   Necr/Erth      0%         N/A       100%        5
 Freezing Cloud           Conj/Ice/Air   0%         6-21      100%        5
 Irradiate                Conj/Tmut      0%         3d11      100%        5
 Metabolic Englaciation   Hex/Ice        0%         N/A       100%        5
 Yara's Violent Unravell  Hex/Tmut       0%         3d3       100%        5
 Conjure Ball Lightning   Conj/Air       0%         3x3d6     100%        6
 Eringya's Noxious Bog    Tmut/Pois      0%         N/A       100%        6
 Leda's Unmaking          Conj/Erth      0%         9d1       100%        6
 Simulacrum               Ice/Necr       0%         N/A       100%        6
 Dragon Form              Tmut           0%         N/A       100%        7
 Enfeeble                 Hex            0%         N/A       100%        7
 Discord                  Hex            0%         N/A       100%        8
 Disjunction              Tloc           4%         N/A       100%        8


Dungeon Overview and Level Annotations

Branches:
Dungeon (15/15)            Temple (1/1) D:7            Lair (5/5) D:11
 Shoals (0/4) Lair:2       Spider (0/4) Lair:3        Slime (0/5) Lair:5
    Orc (2/2) D:9             Elf (0/3) Orc:2        Vaults (0/5) D:14
  Sewer (visited)
 Depths: D:15

Altars:
Ashenzari
Cheibriados
Dithmenos
Fedhas
Gozag
Hepliaklqana
Kikubaaqudgha
Makhleb
Nemelex Xobeh
Okawaru
Qazlal
Ru
Sif Muna
Trog
Uskayaw
Vehumet
Wu Jian
Xom
Yredelemnul

Shops:
D:2 !   D:9 [   D:11 (   Orc:2 *(:?

Annotations:
D:7 2 transporters, voltaire321's ghost, novice MfSu
D:15 Nessos


Innate Abilities, Weirdness & Mutations

You are mostly covered in yellow scales. (AC +3)
You are mostly covered in sharp spines.
When hurt, damage is shared between your health and your magic reserves.
You regenerate magic rapidly.
Your touch may irresistibly damage your foes and sap their willpower.
You have supernaturally acute eyesight. (SInv)
Your magical capacity is low. (-10% MP)
You passively map a small area around you.
You passively dampen the noise of your surroundings.


Message History

The arrow hits you but does no damage.
You feel very sick.
Nessos unwields a +3 longbow of flaming.
It stops flaming.
You block Nessos's attack. x2
Nessos casts a spell.
Nessos blinks!
You feel very sick.
Nessos mumbles some strange words.
Nessos blinks!
Nessos mumbles some strange words.
Nessos blinks!
You are too injured to fight recklessly!
You feel sick.
Nessos wields a +3 longbow of flaming.
It bursts into flame!
Nessos shoots an arrow.
The arrow hits you but does no damage.
Nessos shoots an arrow.
The arrow barely misses you.
You feel very sick.
Nessos pounds the earth with their hooves.
Nessos shoots an arrow.
The arrow hits you! The arrow burns you.
You are more poisoned.
* * * LOW HITPOINT WARNING * * *
Nessos shoots an arrow.
The arrow hits you!
* * * LOW HITPOINT WARNING * * *
The arrow burns you.
You are lethally poisoned!
* * * LOW HITPOINT WARNING * * *
Nessos shoots an arrow.
You block the arrow.
You feel better.
Nessos shoots an arrow.
The arrow hits you!
* * * LOW HITPOINT WARNING * * *
The arrow burns you.
You are poisoned.
* * * LOW HITPOINT WARNING * * *
Nessos shoots an arrow.
The arrow hits you!
* * * LOW HITPOINT WARNING * * *
The arrow burns you.
You are more poisoned.
* * * LOW HITPOINT WARNING * * *
Blink to where?
Press: ? - help, Q - select action, (/) - cycle Dir - move target
As you read the scroll of blinking, it crumbles to dust.
You die...

.## *.........##......#..##
.###*#.......##...§.......#.
...# #....(..####...........
, ##...........#
###........# ,
............####.#..........
............................
........................#...
, ........ #...........###..
......## #....@.....?., . ,,
...# , #...........≈≈≈.,, *
, ...# #.##.....≈≈≈≈#≈.. ,
...# ,....≈≈≈≈#≈≈≈≈ , ...#
......≈#≈≈≈ #≈≈ , ...#
......≈~≈#≈≈~ #~ * ...# *
....... ≈≈≈#≈ ~ , ...# ,
....... #≈≈≈≈# †..# 8 ~ ~ ,
,


There were no monsters in sight!

Vanquished Creatures
  An orc warlord (Orc:1)
  The ghost of jlumianski the Spry, a journeyman DjFE of Makhleb (Lair:5)
  Snorg (D:14)
  A fire dragon (Lair:5)
  Erolcha (D:10)
  An ogre mage (D:15)
  A vault guard (D:14)
  2 catoblepae
  6 boulder beetles
  2 hydras
  3 centaur warriors
  7 two-headed ogres
  6 death yaks
  5 orc high priests (Orc:2)
  Urug (Orc:1)
  Nergalle (D:10)
  A fire crab (shapeshifter) (D:14)
  4 skeletal warriors (D:12)
  Lodul (D:10)
  A pharaoh ant (Lair:3)
  A harpy (shapeshifter) (D:8)
  A wizard (D:14)
  Pikel (D:8)
  2 lindwurms (Lair:5)
  5 orc knights (Orc:2)
  2 deep elf pyromancers
  3 orc sorcerers
  18 ugly things
  7 manticores
  8 cyclopes
  A wolf spider (Lair:5)
  7 black mambas
  4 elephants
  Maurice (D:12)
  6 torpor snails (Lair:5)
  4 gargoyles
  Maggie (D:9)
  10 cane toads
  A rime drake (Lair:1)
  9 komodo dragons
  4 unseen horrors
  4 kobold demonologists
  A tengu conjurer (D:9)
  3 trolls
  A troll (shapeshifter) (Orc:1)
  4 tyrant leeches (Lair:5)
  2 polar bears
  9 hornets
  4 dream sheep (Lair:5)
  13 slime creatures
  21 blink frogs
  A jumping spider (Lair:3)
  66 yaks
  2 vampires
  5 shadows
  A water elemental (D:14)
  A hog (shapeshifter) (D:14)
  2 wraiths
  2 wyverns
  3 basilisks
  4 vampire mosquitoes
  2 steam dragons (D:8)
  4 humans (D:14)
  3 redbacks (Lair:3)
  5 wargs (Orc:1)
  4 acid dragons
  20 water moccasins
  24 orc warriors
  3 ice beasts
  2 sky beasts
  A black bear (D:4)
  15 ogres
  17 wolves
  3 centaurs
  5 phantoms
  3 kobold brigands
  15 bullfrogs
  A gnoll sergeant (D:10)
  10 scorpions
  A wight (D:10)
  19 killer bees
  11 howler monkeys
  A vampire bat (Orc:2)
  An electric eel (D:7)
  A gnoll bouda (D:6)
  8 hounds
  25 orc priests
  2 jellies (D:2)
  4 iguanas
  8 orc wizards
  3 sleepcaps
  Ijyb (D:5)
  7 gnolls
  8 adders
  A river rat (Sewer)
  3 white imps
  4 ufetubi
  A worm (D:2)
  2 dart slugs
  59 orcs
  7 ball pythons
  11 bats
  12 endoplasms
  7 giant cockroaches
  16 goblins
  9 hobgoblins
  25 kobolds
  3 quokkas
  5 frilled lizards
  7 rats
701 creatures vanquished.

Vanquished Creatures (collateral kills)
  An ettin (Orc:2)
  A rakshasa (D:14)
  2 vault guards (D:14)
  A death knight (D:14)
  2 orc high priests (Orc:2)
  A skeletal warrior (D:12)
  An orc knight (Orc:2)
  An elephant (Lair:5)
  4 humans (D:14)
  6 orc warriors (Orc:2)
  3 orc priests (Orc:2)
  2 orcs (Orc:2)
25 creatures vanquished.

Vanquished Creatures (others)
  A human (D:14)
  An acid dragon (D:9)
2 creatures vanquished.

Grand Total: 728 creatures vanquished

Notes
Turn   | Place    | Note
-------+----------+-------------------------------------------
     0 | D:1      | gelatine the Demonspawn Fighter began the quest for the
                  | Orb.
     0 | D:1      | Reached XP level 1. HP: 18/18 MP: 1/1
   164 | D:1      | Gained mutation: Your touch may inflict minor irresistible
                  | damage on your foes. [demonic ancestry]
   164 | D:1      | Reached XP level 2. HP: 24/24 MP: 2/2
   184 | D:1      | Reached skill level 2 in Axes
   616 | D:2      | Found Yrux's Distillery.
   628 | D:2      | Gained mutation: You are partially covered in sharp spines.
                  | [demonic ancestry]
   628 | D:2      | Reached XP level 3. HP: 29/29 MP: 3/3
   630 | D:2      | Bought a potion of heal wounds for 70 gold pieces
   692 | D:2      | Found a faded altar of an unknown god.
   896 | D:2      | Gained mutation: You regenerate magic rapidly. [demonic
                  | ancestry]
   896 | D:2      | Reached XP level 4. HP: 23/36 MP: 4/4
   905 | D:2      | Reached skill level 3 in Axes
  1589 | D:3      | Found a broken altar of Ashenzari.
  1590 | D:3      | Found a bloodstained altar of Trog.
  1592 | D:3      | Found an ornate altar of the Wu Jian Council.
  2125 | D:4      | Noticed a scorpion
  2128 | D:4      | Killed a scorpion
  2129 | D:4      | Reached skill level 1 in Dodging
  2129 | D:4      | Gained mutation: You are partially covered in yellow
                  | scales. (AC +2) [demonic ancestry]
  2129 | D:4      | Reached XP level 5. HP: 42/42 MP: 5/5
  2142 | D:4      | Noticed a black bear
  2153 | D:4      | Killed a black bear
  2154 | D:4      | Reached skill level 4 in Axes
  2154 | D:4      | Reached XP level 6. HP: 40/48 MP: 6/6
  2449 | D:4      | Reached skill level 5 in Axes
  2630 | D:4      | Gained mutation: You are mostly covered in yellow scales.
                  | (AC +3) [demonic ancestry]
  2630 | D:4      | Reached XP level 7. HP: 48/54 MP: 7/7
  2831 | D:5      | Entered Level 5 of the Dungeon
  3250 | D:5      | Reached skill level 6 in Axes
  3292 | D:5      | Identified the +3 leather armour of the Depths {Str+2}
  3310 | D:5      | Gained mutation: Your touch may inflict irresistible damage
                  | on your foes. [demonic ancestry]
  3310 | D:5      | Reached XP level 8. HP: 58/61 MP: 8/8
  3718 | D:5      | Reached skill level 5 in Fighting
  3718 | D:5      | Reached skill level 7 in Axes
  3899 | D:5      | Noticed Ijyb
  3913 | D:5      | Killed Ijyb
  4248 | D:6      | Reached skill level 5 in Armour
  4302 | D:6      | Gained mutation: When hurt, damage is shared between your
                  | health and your magic reserves. [demonic ancestry]
  4302 | D:6      | Reached XP level 9. HP: 65/68 MP: 9/9
  4358 | D:6      | Found a hide-covered altar of Uskayaw.
  4529 | D:6      | Found a glowing drain.
  4574 | Sewer    | Entered a sewer
  5143 | D:7      | Reached skill level 8 in Axes
  5271 | D:7      | Found a staircase to the Ecumenical Temple.
  5292 | Temple   | Entered the Ecumenical Temple
  5435 | Temple   | Became a worshipper of Makhleb the Destroyer
  5466 | D:7      | Noticed a black mamba
  5469 | D:7      | Noticed voltaire321's ghost (novice MfSu)
  5470 | D:7      | Found a transporter.
  5474 | D:7      | a black mamba changed into a queen bee
  5474 | D:7      | Noticed a queen bee (shapeshifter)
  5804 | D:7      | Found a transporter.
  5804 | D:7      | Noticed a cyclops
  5809 | D:7      | a cyclops changed into a merfolk
  5809 | D:7      | Noticed a merfolk (shapeshifter)
  5812 | D:7      | a merfolk changed into a two-headed ogre
  5812 | D:7      | Noticed a two-headed ogre (shapeshifter)
  5819 | D:7      | a two-headed ogre changed into a steelbarb worm
  5819 | D:7      | Noticed a steelbarb worm (shapeshifter)
  5947 | D:7      | Noticed a salamander
  5952 | D:7      | a salamander changed into a tarantella
  5995 | D:7      | Reached skill level 1 in Invocations
  6032 | D:7      | a culicivora changed into a queen bee
  6032 | D:7      | Noticed a queen bee (shapeshifter)
  6044 | D:7      | a queen bee changed into a komodo dragon
  6044 | D:7      | Noticed a komodo dragon (shapeshifter)
  6093 | D:8      | Noticed Pikel
  6112 | D:8      | Killed Pikel
  6113 | D:8      | Reached skill level 1 in Throwing
  6113 | D:8      | Reached skill level 5 in Shields
  6113 | D:8      | Reached skill level 1 in Spellcasting
  6113 | D:8      | Reached skill level 1 in Evocations
  6272 | D:8      | Reached XP level 10. HP: 63/76 MP: 11/11
  6365 | D:8      | a yaktaur changed into a harpy
  6365 | D:8      | Noticed a harpy (shapeshifter)
  6371 | D:8      | Killed a harpy
  6869 | D:8      | Reached skill level 5 in Dodging
  6873 | D:8      | Reached * piety under Makhleb
  6878 | D:8      | Reached skill level 9 in Axes
  7214 | D:9      | Noticed Maggie
  7403 | D:9      | Killed Maggie
  7562 | D:9      | Reached skill level 1 in Stealth
  7751 | D:9      | Noticed a two-headed ogre
  7769 | D:9      | Killed a two-headed ogre
  7770 | D:9      | Gained mutation: You are mostly covered in sharp spines.
                  | [demonic ancestry]
  7770 | D:9      | Reached XP level 11. HP: 70/83 MP: 14/14
  7880 | D:9      | Found a staircase to the Orcish Mines.
  8123 | D:9      | Noticed a deep elf pyromancer
  8139 | D:9      | Killed a deep elf pyromancer
  8145 | D:9      | Reached ** piety under Makhleb
  8652 | D:9      | Found Cajal's Antique Armour Shoppe.
  8655 | D:9      | Upgraded the game from 0.31-a0-145-g046c7d2549 to
                  | 0.31-a0-149-g3fdcc5976a
  8856 | D:9      | Noticed a centaur warrior
  8859 | D:9      | Noticed a centaur warrior
  8859 | D:9      | Noticed a two-headed ogre
  8865 | D:9      | Killed a centaur warrior
  9187 | D:9      | Killed a two-headed ogre
  9237 | D:9      | Reached skill level 10 in Axes
  9242 | D:9      | Killed a centaur warrior
  9410 | D:9      | Identified the +2 helmet "Zeptulasm" {rElec}
  9426 | D:9      | Got the Volume of Volatile Violence
  9596 | D:10     | Entered Level 10 of the Dungeon
  9596 | D:10     | Noticed Erolcha
  9627 | D:10     | Killed Erolcha
  9766 | D:10     | Reached skill level 5 in Invocations
  9843 | D:10     | Reached XP level 12. HP: 91/92 MP: 17/17
  9972 | D:9      | Bought a pair of boots for 153 gold pieces
 10018 | D:9      | Gained mutation: You are vulnerable to heat. (rF-) [potion
                  | of mutation]
 10018 | D:9      | Gained mutation: You are covered in fur. (AC +1) [potion of
                  | mutation]
 10018 | D:9      | Gained mutation: You are weak. (Str -2) [potion of
                  | mutation]
 10019 | D:9      | Lost mutation: You are covered in fur. (AC +1) [potion of
                  | mutation]
 10019 | D:9      | Lost mutation: You are weak. (Str -2) [potion of mutation]
 10019 | D:9      | Gained mutation: You do not regenerate when monsters are
                  | visible. [potion of mutation]
 10019 | D:9      | Gained mutation: You occasionally lose the ability to drink
                  | potions when taking damage. [potion of mutation]
 10019 | D:9      | Gained mutation: You expend magic power (3 MP) to
                  | strengthen your wands. [potion of mutation]
 10020 | D:9      | Lost mutation: You expend magic power (3 MP) to strengthen
                  | your wands. [potion of mutation]
 10020 | D:9      | Lost mutation: You occasionally lose the ability to drink
                  | potions when taking damage. [potion of mutation]
 10020 | D:9      | Gained mutation: You are weak. (Str -2) [potion of
                  | mutation]
 10020 | D:9      | Gained mutation: You have very sharp teeth. [potion of
                  | mutation]
 10021 | D:9      | Lost mutation: You are vulnerable to heat. (rF-) [potion of
                  | mutation]
 10021 | D:9      | Lost mutation: You are weak. (Str -2) [potion of mutation]
 10021 | D:9      | Lost mutation: You do not regenerate when monsters are
                  | visible. [potion of mutation]
 10021 | D:9      | Gained mutation: Your body sometimes deteriorates upon
                  | taking damage. [potion of mutation]
 10021 | D:9      | Gained mutation: You are weak. (Str -2) [potion of
                  | mutation]
 10021 | D:9      | Lost mutation: You are weak. (Str -2) [potion of mutation]
 10022 | D:9      | Lost mutation: Your body sometimes deteriorates upon taking
                  | damage. [potion of mutation]
 10022 | D:9      | Lost mutation: You have very sharp teeth. [potion of
                  | mutation]
 10022 | D:9      | Gained mutation: Your body sometimes deteriorates upon
                  | taking damage. [potion of mutation]
 10022 | D:9      | Gained mutation: You expend magic power (3 MP) to
                  | strengthen your wands. [potion of mutation]
 10022 | D:9      | Gained mutation: You passively dampen the noise of your
                  | surroundings. [potion of mutation]
 10023 | D:9      | Lost mutation: Your body sometimes deteriorates upon taking
                  | damage. [potion of mutation]
 10023 | D:9      | Lost mutation: You expend magic power (3 MP) to strengthen
                  | your wands. [potion of mutation]
 10023 | D:9      | Gained mutation: You passively map a small area around you.
                  | [potion of mutation]
 10023 | D:9      | Gained mutation: Your magical capacity is low. (-10% MP)
                  | [potion of mutation]
 10023 | D:9      | Gained mutation: You have supernaturally acute eyesight.
                  | (SInv) [potion of mutation]
 10105 | D:10     | Noticed Lodul
 10130 | D:10     | Killed Lodul
 10151 | D:10     | Reached *** piety under Makhleb
 10759 | D:11     | Noticed Nergalle
 10968 | D:10     | Killed Nergalle
 11295 | D:11     | Found a staircase to the Lair.
 11304 | D:11     | Found Adei's Antique Weapon Boutique.
 11675 | D:12     | Reached skill level 11 in Axes
 11726 | D:12     | Noticed a boulder beetle
 11743 | D:12     | Killed a boulder beetle
 11987 | D:12     | Reached **** piety under Makhleb
 12044 | D:12     | HP: 4/94 [skeletal warrior/+0 dire flail (6)]
 12521 | D:12     | Gained mutation: Your touch may irresistibly damage your
                  | foes and sap their willpower. [demonic ancestry]
 12521 | D:12     | Reached XP level 13. HP: 20/99 MP: 10/17
 12772 | D:12     | Noticed Maurice
 12777 | D:12     | Killed Maurice
 13573 | D:13     | Found a bloodstained altar of Trog.
 14016 | D:13     | Reached skill level 12 in Axes
 14252 | D:14     | Noticed Snorg
 14276 | D:14     | Killed Snorg
 14579 | D:14     | Found a portal to a secret trove of treasure.
 14837 | Lair:1   | Entered Level 1 of the Lair of Beasts
 15264 | Lair:1   | Reached ***** piety under Makhleb
 15291 | Lair:1   | Found the +8 trishula "Condemnation" {holy, anguish, *Noise
                  | Fly rN+}
 15992 | Lair:2   | Reached skill level 13 in Axes
 15995 | Lair:2   | Reached XP level 14. HP: 51/108 MP: 9/18
 16072 | Lair:2   | You fall into a shaft and drop 2 floors!
 16186 | Lair:3   | Reached skill level 10 in Armour
 16245 | Lair:2   | Found a staircase to the Shoals.
 16333 | Lair:2   | Learned a level 2 spell: Blink
 16788 | Lair:3   | Found a hole to the Spider Nest.
 16814 | Lair:3   | Reached skill level 1 in Translocations
 16841 | Lair:3   | Identified the +6 trident of Grace {flame, +Blink rCorr}
 17582 | Lair:4   | Reached ****** piety under Makhleb
 17973 | Lair:4   | Reached skill level 10 in Fighting
 18290 | Lair:5   | Entered Level 5 of the Lair of Beasts
 18358 | Lair:5   | Reached skill level 14 in Axes
 18537 | Lair:5   | Identified a scroll of acquirement
 18537 | Lair:5   | Acquired a +3 heavy broad axe
 18609 | Lair:5   | Found a runed translucent door.
 18610 | Lair:5   | Noticed jlumianski's ghost (journeyman DjFE)
 19349 | Lair:5   | Found a staircase to the Slime Pits.
 19468 | Lair:5   | Found a runed translucent door.
 19579 | Lair:5   | Reached XP level 15. HP: 81/117 MP: 15/19
 20014 | Lair:5   | Killed jlumianski's ghost
 20022 | Lair:5   | Got the Papyrus of the Black Widow and the Tundra
 20345 | Orc:1    | Entered Level 1 of the Orcish Mines
 20442 | Orc:1    | Noticed Urug
 20460 | Orc:1    | Killed Urug
 21044 | Orc:2    | Entered Level 2 of the Orcish Mines
 21082 | Orc:2    | HP: 3/117 [ettin/+0 dire flail (26)]
 21608 | Orc:2    | Found a staircase to the Elven Halls.
 22336 | Orc:2    | Reached skill level 15 in Axes
 22766 | Orc:2    | Found Cebaqem's Assorted Antiques.
 22766 | Orc:2    | Found Yggit's Magic Scroll Shoppe.
 22767 | Orc:2    | Found Feseecix's Antique Weapon Emporium.
 22767 | Orc:2    | Found Yhubooma's Book Shoppe.
 22775 | Orc:2    | Bought a glowing broad axe for 231 gold pieces
 22778 | Orc:2    | Bought a scroll of enchant armour for 97 gold pieces
 22778 | Orc:2    | Bought a scroll of fear for 52 gold pieces
 22778 | Orc:2    | Bought a scroll of fear for 52 gold pieces
 23536 | D:14     | Reached skill level 10 in Invocations
 23548 | D:14     | Found a gate to the Vaults.
 23586 | D:14     | Identified the +9 broad axe "Faokk" {heavy, Str+4}
 23788 | D:14     | Found a blossoming altar of Fedhas.
 23866 | D:14     | You paid a toll of 4 scrolls of fear to enter a treasure
                  | trove
 23867 | Trove    | Entered a treasure trove
 23875 | Trove    | Identified the +2 tower shield of the Frog {Str+2 Int+3}
 23876 | Trove    | Identified the +0 buckler of Card Tricks {rElec rC+ rN+}
 23878 | Trove    | Identified the +3 chain mail of Gravity {-Tele rF+ Int+4}
 23879 | Trove    | Identified the +1 pair of boots "Kuowk" {Dex+4 Stlth+}
 23881 | Trove    | Identified the -1 pair of boots "Oqueng" {Will+}
 23884 | Trove    | Identified the +0 hat "Zuneuxkabe" {Int+3 Dex+6}
 23887 | Trove    | Identified the scarf of Words of Power {shadows, Will+
                  | Int+3 Dex+3}
 23929 | D:15     | Entered Level 15 of the Dungeon
 23939 | D:15     | Reached skill level 5 in Throwing
 24252 | D:15     | Noticed Nessos
 24272 | D:15     | Succumbed to Nessos's poison

Illustrated notes

Levels and vault maps discovered:
D:1:      lemuel_arrival_hallway, layout_basic
D:2:      cheibrodos_fertilizer, layout_basic, serial_shops, shop,
          hellmonk_ecumenical_altar_leap_of_faith
D:3:      layout_basic, minitemple, minmay_statues_item, minmay_goblin_outpost
D:4:      minmay_chambers_of_threes, layout_cave_pools
D:5:      minmay_razor_zed, layout_basic, kennysheep_nondescript,
          minmay_misc_feat_x, uniq_ijyb
D:6:      layout_rooms, nicolae_uskayaw_suspiria, gup_sewer_entry_glass
D:7:      layout_basic, minmay_temple_entry_mini_moons, gammafunk_ghost_arena,
          lightli_minifort
D:8:      kennysheep_blocky_room, layout_basic, uniq_pikel
D:9:      minmay_the_grid_triangle_9x9_rhombus_full
          [minmay_the_grid_triangle_9x9_warning,
          minmay_the_grid_triangle_9x9_corruption,
          minmay_the_grid_triangle_9x9_minimal,
          minmay_the_grid_triangle_9x9_swiss_cheese,
          minmay_the_grid_triangle_9x9_limited_checkers,
          minmay_the_grid_triangle_9x9_skeleton,
          minmay_the_grid_triangle_9x9_longest,
          minmay_the_grid_triangle_9x9_prize_insulated], layout_rooms,
          orc_0_dummy, serial_shops, kennysheep_mini_moat, uniq_maggie
D:10:     minmay_bubble_buster, layout_rooms, uniq_lodul, uniq_erolcha
D:11:     layout_cave_pools, lair_entry_dummy, serial_shops,
          nicolae_shop_hallway_plus, minmay_gold_behind_fungi, uniq_nergalle
D:12:     layout_roguey, uniq_maurice
D:13:     layout_basic, trog_butcher_becter
D:14:     layout_rooms, ximxim_vaults_locker_room, enter_trove_3, serial_curves,
          eino_curves_03, eino_curves_04, gauntlet_entry_generic, minivault_14,
          fedhas_altar_2, uniq_snorg
D:15:     hangedman_depths_entry_try_elsewhere_first, layout_cave_pools,
          nicolae_lava_and_water, st_stairs_13, nrook_mini_vaults,
          chequers_avenue, hellmonk_guarded_unrand_gyre_and_gimble, uniq_nessos
Temple:   nicolae_temple_two_arcs
Lair:1:   layout_hall_layers
Lair:2:   layout_big_grid, elwin_shoals_entry_rocks
Lair:3:   layout_roguey, nicolae_spider_entry_lesser_pyramids
Lair:4:   layout_hall_layers, infiniplex_staircase_pool_2, grunt_megastairs_1
Lair:5:   wormcave, layout_gridlike, slime_entry_1, ebering_ghost_inner_flame,
          nicolae_lair_yak_garden, lemuel_fruit_fields, lemuel_fruit_fields
Orc:1:    layout_diamond_mine, minmay_orc_temple_a, uniq_urug, uniq_harold
Orc:2:    st_orc_pillars, layout_diamond_mine, basic_altar, roderic_batcave,
          bh_open_orc_temple

Skill      XL: |  1  2  3  4  5  6  7  8  9 10 11 12 13 14 15 |
---------------+----------------------------------------------+-----
Axes           | 2 3 4 5 6 7 8 9 10 11 13 14 15 | 15.5
Shields        | 3 4 5 6 7 8 9 |  9.3
Armour         | 3 4 5 6 7 8 9 10 11 | 11.0
Dodging        | 1 2 3 4 5 6 7 8 |  8.8
Fighting       | 4 5 6 7 8 9 10 11 | 11.0
Invocations    | 1 3 5 6 7 9 10 | 10.4
Throwing       | 1 2 3 4 5 |  5.0
Spellcasting   | 1 2 3 4 |  4.2
Evocations     | 1 2 3 4 |  4.2
Stealth        | 1 2 |  2.2
Translocations | 2 4 |  4.0

Action                     |  1- 3 |  4- 6 |  7- 9 | 10-12 | 13-15 || total
---------------------------+-------+-------+-------+-------+-------++-------
  Melee: War axe           |    70 |   103 |    60 |       |       ||   233
         Hand axe          |       |       |   288 |   351 |       ||   639
         Broad axe         |       |       |       |   294 |  1133 ||  1427
  Throw: Dart              |       |     2 |     1 |     1 |       ||     4
         Boomerang         |       |       |       |    42 |    29 ||    71
         Javelin           |       |       |       |       |    42 ||    42
   Cast: Blink             |       |       |       |       |     1 ||     1
 Invoke: Minor Destruction |       |       |       |     7 |     1 ||     8
         Lesser Servant of |       |       |       |     3 |    21 ||    24
         Major Destruction |       |       |       |       |     2 ||     2
         Greater Servant o |       |       |       |       |     1 ||     1
  Evoke: Wand              |       |       |       |    10 |     6 ||    16
         Phantom mirror    |       |       |       |       |     2 ||     2
    Use: Potion            |       |     2 |       |    17 |     2 ||    21
         Scroll            |       |     1 |     4 |    16 |    13 ||    34
   Stab: Paralysed         |       |       |       |     7 |       ||     7
         Sleeping          |       |       |       |       |     1 ||     1
         Petrified         |       |       |       |       |    14 ||    14
         Distracted        |       |       |       |       |     4 ||     4
 Armour: Scale mail        |    11 |       |       |       |       ||    11
         Plate armour      |    27 |    93 |   224 |   444 |   532 ||  1320
         Troll leather arm |       |       |       |       |   198 ||   198
  Dodge: Dodged            |    26 |    26 |    95 |   225 |   545 ||   917
  Block: Buckler           |    20 |    23 |    81 |   167 |   324 ||   615
         Kite shield       |       |       |       |       |    84 ||    84

Table legend: (Time is in decaauts)
 A = Elapsed time spent in this place.
 B = Non-inter-level travel time spent in this place.
 C = Inter-level travel time spent in this place.
 D = Time resting spent in this place.
 E = Time spent auto-exploring this place.
 F = Levels seen in this place.
 G = Mean time per level.
                   A        B        C        D        E       F      G
               +--------+--------+--------+--------+--------+-----+--------+
         Total |  24394 |  23261 |   1133 |    100 |  17426 |  25 |  975.8 |
       Dungeon |  15978 |  15238 |    740 |    100 |  11321 |  15 | 1065.2 |
        Temple |    152 |    138 |     14 |      0 |    104 |   1 |  152.0 |
          Lair |   5474 |   5195 |    279 |      0 |   3929 |   5 | 1094.8 |
  Orcish Mines |   2568 |   2469 |     99 |      0 |   1956 |   2 | 1284.0 |
         Trove |     53 |     53 |      0 |      0 |      0 |   1 |   53.0 |
         Sewer |    166 |    166 |      0 |      0 |    115 |   1 |  166.0 |
               +--------+--------+--------+--------+--------+-----+--------+

Top non-repeatable levels by time:
     D:9: 2408 daAuts
  Lair:5: 1862 daAuts
    D:12: 1474 daAuts
   Orc:2: 1340 daAuts
     D:8: 1290 daAuts
     D:5: 1280 daAuts
    D:13: 1269 daAuts
    D:10: 1255 daAuts
   Orc:1: 1228 daAuts
    D:14: 1189 daAuts
  Lair:3: 1034 daAuts
  Lair:1: 1017 daAuts
     D:7: 970 daAuts
    D:11: 890 daAuts
     D:3: 884 daAuts
